 Dungeon Crawl Stone Soup version 0.29.1-2-gbd0b4ee654 (webtiles) character file.

Game seed: 14789480716062122467

314 opdollar the Vexing (level 6, -2/47 HPs)
             Began as a Gnoll Arcane Marksman on Nov 14, 2022.
             Was a High Priest of Ignis.
             Slain by an orc
             ... wielding a +0 falchion
              (7 damage)
             ... on level 3 of the Dungeon.
             The game lasted 00:54:49 (4112 turns).

opdollar the Vexing (Gnoll Arcane Marksman)         Turns: 4112, Time: 00:54:52

Health: -2/47      AC:  4    Str: 10    XL:     6   Next: 43%
Magic:  11/11      EV: 13    Int: 14    God:    Ignis [*****.]
Gold:   85         SH:  0    Dex: 12    Spells: 11/12 levels left

rFire   + . .      SeeInvis .   a - +1 sling
rCold   . . .      Faith    .   (no shield)
rNeg    . . .      Spirit   .   c - +0 robe
rPois   .          Reflect  .   (no helmet)
rElec   .          Harm     .   (no cloak)
rCorr   .          Rampage  .   (no gloves)
Will    .....                   u - +1 pair of boots
Stlth   ++........              (no amulet)
HPRegen 0.15/turn               t - ring of flight
MPRegen 0.12/turn               (no ring)

@: flying
A: fangs 1, strong nose, distributed training
a: Renounce Religion, Fiery Armour, Foxfire Swarm, Rising Flame


You were on level 3 of the Dungeon.
You worshipped Ignis.
Ignis was extremely pleased with you.
You visited 1 branch of the dungeon, and saw 3 of its levels.

You collected 85 gold pieces.

Inventory:

Hand Weapons
 a - a +1 sling (weapon)
 g - a +0 hand axe
 h - a +0 whip
 n - a +0 dagger of venom
 o - a +2 dagger of venom
 w - a +0 quarterstaff
Missiles
 p - 7 javelins
 r - 6 poisoned darts (quivered)
 x - 25 stones
Armour
 c - a +0 robe (worn)
 k - a +0 kite shield
 u - a +1 pair of boots (worn)
 C - a +0 leather armour
Jewellery
 t - a ring of flight (left hand)
Wands
 v - a wand of mindburst (11)
 A - a wand of polymorph (9)
 D - a wand of acid (5)
Scrolls
 b - a scroll of poison
 e - 3 scrolls of teleportation
 f - a scroll of enchant armour {unknown}
 j - 3 scrolls of butterflies {unknown}
 l - 2 scrolls of immolation {unknown}
 m - a scroll of amnesia {unknown}
 q - 4 scrolls of identify {unknown}
 s - a scroll of fear {unknown}
 y - a scroll of noise {unknown}
Potions
 d - 3 potions of lignification {unknown}
 i - a potion of mutation {unknown}
 z - 2 potions of curing {unknown}
 B - 2 potions of brilliance {unknown}
 E - a potion of ambrosia {unknown}


   Skills:
 + Level 3.3 Fighting
 + Level 2.0 Short Blades
 + Level 2.0 Long Blades
 + Level 2.0 Axes
 + Level 2.0 Maces & Flails
 + Level 2.0 Polearms
 + Level 2.0 Staves
 + Level 5.0 Ranged Weapons
 + Level 2.0 Throwing
 + Level 2.0 Armour
 + Level 5.0 Dodging
 + Level 2.0 Stealth
 + Level 2.0 Shields
 + Level 2.0 Unarmed Combat
 + Level 3.5 Spellcasting
 + Level 1.6 Conjurations
 + Level 5.7 Hexes
 + Level 1.6 Summonings
 + Level 1.6 Necromancy
 + Level 1.6 Translocations
 + Level 1.6 Transmutations
 + Level 1.6 Fire Magic
 + Level 1.6 Ice Magic
 + Level 1.6 Air Magic
 + Level 1.6 Earth Magic
 + Level 1.6 Poison Magic
 + Level 2.2 Invocations
 + Level 2.0 Evocations


You had 11 spell levels left.
You knew the following spells:

 Your Spells              Type           Power      Damage    Failure   Level
a - Slow                  Hex            72%        N/A       1%          1

Your spell library contained the following spells:

 Spells                   Type           Power      Damage    Failure   Level
 Inner Flame              Hex/Fire       12%        N/A       14%         3
 Portal Projectile        Hex/Tloc       24%        N/A       14%         3
 Cause Fear               Hex            9%         N/A       19%         4


Dungeon Overview and Level Annotations

Branches:
Dungeon (3/15)

Altars:
Fedhas
Kikubaaqudgha
Ignis

Shops:
D:3 =

Annotations:
D:2 1 runed translucent door, Crazy Yiuf


Innate Abilities, Weirdness & Mutations

You have very sharp teeth.
Your uncanny sense of smell can sniff out nearby items.
Your experience applies equally to all skills.


Message History

You kill the orc!
The jackal misses you. The jackal closely misses you.
The orc closely misses you. The jackal bites you.
* * * LOW HITPOINT WARNING * * *
The jackal barely misses you.
Fire: a) +1 sling
Press: ? - help, Shift-Dir - straight line, f - orc
Aim: an orc, wielding a +0 falchion and wearing a +0 leather armour (59% to hit)
You shoot a sling bullet.
The sling bullet closely misses the orc.
The jackal barely misses you. The orc closely misses you.
The jackal bites you but does no damage.
The jackal closely misses you.
Fire: a) +1 sling
Press: ? - help, Shift-Dir - straight line, f/p - orc
Aim: an orc, wielding a +0 falchion and wearing a +0 leather armour (59% to hit)
You shoot a sling bullet. The sling bullet hits the orc.
The orc is heavily wounded.
The jackal bites you.
* * * LOW HITPOINT WARNING * * *
The orc hits you with a +0 falchion.
* * * LOW HITPOINT WARNING * * *
The jackal misses you.
The jackal bites you but does no damage.
The orc barely misses you.
Fire: a) +1 sling
Press: ? - help, Shift-Dir - straight line, f/p - orc
Aim: an orc, wielding a +0 falchion and wearing a +0 leather armour (heavily wounded, 59% to hit)
You shoot a sling bullet. The sling bullet barely misses the orc.
The jackal bites you but does no damage.
The jackal completely misses you. The jackal barely misses you.
The orc closely misses you.
The jackal bites you but does no damage.
Fire: a) +1 sling
Press: ? - help, Shift-Dir - straight line, f/p - orc
Aim: an orc, wielding a +0 falchion and wearing a +0 leather armour (heavily wounded, 59% to hit)
You shoot a sling bullet. The sling bullet hits the orc.
The orc is severely wounded.
The jackal barely misses you. x2; The orc hits you with a +0 falchion!
You die...

#####.##### #####.######
# ..........# #∆.
###.####.# #.##
##.####.# #..####.####.#
#..####.####.#
##....hh......#
.....))@..##..######
#####.#o#.##~.~....#####
# #....≈~.~≈........
#.#.#≈~∩~≈........
#.#.#≈≈≈≈≈#.......
#.#..#≈≈≈##.......
#.##..).###^......
..#####.# #.......
#'###.#.....


You could see an orc and 2 jackals.

Vanquished Creatures
  3 jellies (D:2)
  An orc priest (D:3)
  Natasha (thrice) (D:2)
  3 adders (D:2)
  A worm (D:2)
  3 orcs (D:3)
  13 endoplasms
  3 giant cockroaches
  5 goblins
  9 hobgoblins
  A jackal (D:3)
  2 quokkas (D:2)
  3 ball pythons
  6 bats
  5 frilled lizards
  13 kobolds
  5 rats
79 creatures vanquished.

Vanquished Creatures (others)
  9 fungi (D:2)
  7 toadstools (D:2)
  3 withered plants (D:3)
19 creatures vanquished.

Grand Total: 98 creatures vanquished

Notes
Turn   | Place    | Note
-------+----------+-------------------------------------------
     0 | D:1      | opdollar the Gnoll Arcane Marksman began the quest for the
                  | Orb.
     0 | D:1      | Reached XP level 1. HP: 17/17 MP: 4/4
   190 | D:1      | Reached XP level 2. HP: 23/23 MP: 3/5
   864 | D:2      | Reached XP level 3. HP: 24/28 MP: 5/7
  1074 | D:2      | Reached skill level 1 in Invocations
  1484 | D:2      | Reached skill level 1 in Short Blades
  1484 | D:2      | Reached skill level 1 in Long Blades
  1484 | D:2      | Reached skill level 1 in Axes
  1484 | D:2      | Reached skill level 1 in Maces & Flails
  1484 | D:2      | Reached skill level 1 in Polearms
  1484 | D:2      | Reached skill level 1 in Staves
  1484 | D:2      | Reached skill level 1 in Throwing
  1484 | D:2      | Reached skill level 1 in Armour
  1484 | D:2      | Reached skill level 1 in Stealth
  1484 | D:2      | Reached skill level 1 in Shields
  1484 | D:2      | Reached skill level 1 in Unarmed Combat
  1484 | D:2      | Reached skill level 1 in Evocations
  1694 | D:2      | Found a runed translucent door.
  1695 | D:2      | Noticed Crazy Yiuf
  1868 | D:2      | Reached XP level 4. HP: 34/34 MP: 6/8
  2200 | D:2      | Reached skill level 1 in Conjurations
  2200 | D:2      | Reached skill level 1 in Summonings
  2200 | D:2      | Reached skill level 1 in Necromancy
  2200 | D:2      | Reached skill level 1 in Translocations
  2200 | D:2      | Reached skill level 1 in Transmutations
  2200 | D:2      | Reached skill level 1 in Fire Magic
  2200 | D:2      | Reached skill level 1 in Ice Magic
  2200 | D:2      | Reached skill level 1 in Air Magic
  2200 | D:2      | Reached skill level 1 in Earth Magic
  2200 | D:2      | Reached skill level 1 in Poison Magic
  2232 | D:2      | Reached XP level 5. HP: 15/40 MP: 6/9
  2717 | D:2      | Found a faded altar of an unknown god.
  2750 | D:2      | Noticed Natasha
  2765 | D:2      | Killed Natasha
  2772 | D:2      | Noticed Natasha
  2776 | D:2      | Killed Natasha
  2777 | D:2      | Reached XP level 6. HP: 26/47 MP: 7/11
  2956 | D:2      | Noticed Natasha
  2965 | D:2      | Killed Natasha
  2966 | D:2      | Reached skill level 5 in Ranged Weapons
  2966 | D:2      | Reached skill level 5 in Dodging
  3463 | D:2      | Prayed at the altar of an unknown god.
  3463 | D:2      | Became a worshipper of Ignis, the Dying Flame
  3732 | D:3      | Found an ancient bone altar of Kikubaaqudgha.
  3976 | D:3      | Found a blossoming altar of Fedhas.
  3982 | D:3      | Found Omujogay's Jewellery Shop.
  4112 | D:3      | Slain by an orc

Illustrated notes

Levels and vault maps discovered:
D:1:      giann_bridges, layout_rooms, serial_forest,
          infiniplex_forest_straight_4, infiniplex_forest_straight_2,
          infiniplex_forest_end_1, infiniplex_forest_clump_tiny
D:2:      cheibrodos_fertilizer, layout_loops_cross,
          nicolae_ecumenical_pavilion, uniq_natasha, uniq_crazy_yiuf_cottage
D:3:      layout_basic, kiku_gazebo_garden_becter,
          mainiacjoe_overflow_six_doors_small, serial_shops,
          nicolae_shop_waterfront, nicolae_square_shop, shop,
          grunt_ministairs_13, reono_crystal_passage

Skill      XL: |  1  2  3  4  5  6 |
---------------+-------------------+-----
Invocations    | 1 2 |  2.2
Short Blades   | 1 2 |  2.0
Long Blades    | 1 2 |  2.0
Axes           | 1 2 |  2.0
Maces & Flails | 1 2 |  2.0
Polearms       | 1 2 |  2.0
Staves         | 1 2 |  2.0
Throwing       | 1 2 |  2.0
Armour         | 1 2 |  2.0
Stealth        | 1 2 |  2.0
Shields        | 1 2 |  2.0
Unarmed Combat | 1 2 |  2.0
Evocations     | 1 2 |  2.0
Spellcasting   | 3 |  3.5
Conjurations   | 1 |  1.6
Summonings     | 1 |  1.6
Necromancy     | 1 |  1.6
Translocations | 1 |  1.6
Transmutations | 1 |  1.6
Fire Magic     | 1 |  1.6
Ice Magic      | 1 |  1.6
Air Magic      | 1 |  1.6
Earth Magic    | 1 |  1.6
Poison Magic   | 1 |  1.6
Fighting       | 3 |  3.3
Ranged Weapons | 5 |  5.0
Dodging        | 5 |  5.0
Hexes          | |  5.7

Action                   |  1- 3 |  4- 6 || total
-------------------------+-------+-------++-------
 Fire: Sling             |   106 |   171 ||   277
 Cast: Slow              |    50 |    45 ||    95
Evoke: Wand              |       |     6 ||     6
  Use: Scroll            |       |     1 ||     1
Armor: Robe              |    21 |    45 ||    66
Dodge: Dodged            |    75 |   106 ||   181
